 Dungeon Crawl Stone Soup version 0.28-a0-1510-gd0f6b136d3 (webtiles) character file.

Game seed: 15322722550697929842

3096 vineage the Warrior (level 9, -5/144 (145) HPs)
             Began as a Minotaur Fighter on Jan 14, 2022.
             Was a Believer of Okawaru.
             Killed from afar by a steam dragon (22 damage)
             ... with a ball of steam
             ... on level 8 of the Dungeon.
             The game lasted 00:08:01 (8487 turns).

vineage the Warrior (Minotaur Fighter)              Turns: 8487, Time: 00:08:02

HP:   -5/144 (145)  AC:  8    Str: 27    XL:     9   Next: 59%
MP:   18/18         EV:  8    Int: 11    God:    Okawaru [**....]
Gold: 163           SH: 10    Dex: 17    Spells: 8/8 levels left

rFire   . . .      SeeInvis .   t - +7 dagger of Moderation {vorpal, Dex+5}
rCold   . . .      Faith    .   y - +0 kite shield
rNeg    . . .      Spirit   .   j - +1 scale mail "Vilodiga" {MP+9 Str+4 Stlth+}
rPois   .          Reflect  .   (helmet restricted)
rElec   .          Harm     .   (no cloak)
rCorr   .          Rampage  .   (no gloves)
Will    .....                   (no boots)
Stlth   ..........              (no amulet)
HPRegen 0.34/turn               i - +6 ring of intelligence
MPRegen 0.16/turn               (no ring)

@: berserking, lightly drained, very quick
A: horns 2, retaliatory headbutt
a: Renounce Religion, Heroism


You were on level 8 of the Dungeon.
You worshipped Okawaru.
Okawaru was pleased with you.
You visited 2 branches of the dungeon, and saw 9 of its levels.

You collected 496 gold pieces.
You spent 333 gold pieces at shops.

Inventory:

Hand Weapons
 a - a +1 war axe
 t - the +7 dagger of Moderation (weapon) {vorpal, Dex+5}
   (You bought it in a shop on level 5 of the Dungeon)

   It inflicts extra damage upon your enemies.
   Dex:       It affects your dexterity (+5).
Missiles
 l - a throwing net (quivered)
Armour
 j - the +1 scale mail "Vilodiga" (worn) {MP+9 Str+4 Stlth+}
   (You found it on level 2 of the Dungeon)

   Str:       It affects your strength (+4).
   MP:        It affects your magic capacity (+9).
   Stlth:     It makes you more stealthy.
 y - a +0 kite shield (worn)
Jewellery
 i - a +6 ring of intelligence (left hand)
Wands
 d - a wand of flame (14)
 w - a wand of iceblast (20)
Scrolls
 h - 2 scrolls of immolation
 n - 2 scrolls of fog
 o - 2 scrolls of fear
 q - 5 scrolls of identify
Potions
 e - 2 potions of curing
 f - a potion of brilliance
 s - a potion of degeneration {unknown}
 z - a potion of invisibility {unknown}
 A - a potion of mutation {unknown}


   Skills:
 - Level 15.0 Fighting
 + Level 2.3 Short Blades
 - Level 2.4 Axes
 + Level 4.7 Armour
 + Level 4.7 Shields
 + Level 2.1 Invocations


You had 8 spell levels left.
You didn't know any spells.
Your spell library contained the following spells:

 Spells                   Type           Power      Damage    Failure   Level
 Pain                     Necr           0%         1d4       91%         1
 Corpse Rot               Necr/Air       0%         N/A       97%         2
 Poisonous Vapours        Pois/Air       0%         N/A       97%         2
 Gell's Gravitas          Tloc           0%         N/A       100%        3
 Portal Projectile        Hex/Tloc       0%         N/A       100%        3
 Teleport Other           Tloc           0%         N/A       100%        3
 Agony                    Necr           0%         N/A       100%        5
 Blade Hands              Tmut           0%         N/A       100%        5
 Excruciating Wounds      Necr           0%         N/A       100%        5
 Dispersal                Tloc           0%         N/A       100%        6
 Animate Dead             Necr           Unusable   N/A       N/A         4
 Haunt                    Necr/Summ      Unusable   N/A       N/A         7
 Infestation              Necr           Unusable   N/A       N/A         8

Dungeon Overview and Level Annotations

Branches:
Dungeon (8/15)             Temple (1/1) D:6
   Lair: D:8-11

Altars:
Ashenzari
Cheibriados
Dithmenos
Elyvilon
Fedhas
Gozag
Makhleb
Okawaru
Trog
Uskayaw
Vehumet
Wu Jian
Xom
Yredelemnul
The Shining One

Shops:
D:1 =   D:4 =(?[   D:5 *((!


Innate Abilities, Weirdness & Mutations

You have a pair of horns on your head.
You reflexively headbutt those who attack you in melee.


Message History

The killer bee is heavily wounded.
You feel sick.
The killer bee stings you but does no damage. x2
You hit the killer bee.
The killer bee is almost dead.
You feel sick. You block the killer bee's attack.
The killer bee stings you but does no damage.
You hit the killer bee but do no damage.
Your headbutt misses the killer bee.
The killer bee is almost dead.
You feel sick. The killer bee barely misses you. The killer bee stings you.
* * * LOW HITPOINT WARNING * * *
You are more poisoned.
The killer bee poisons you!
You feel better. The killer bee stings you!
* * * LOW HITPOINT WARNING * * *
The killer bee completely misses you.
You hit the killer bee.
You kill the killer bee!
Okawaru accepts your kill.
It was a potion of berserk rage.
A red film seems to cover your vision as you go berserk!
You feel yourself moving faster!
You feel mighty!
The wight hits you with a +4 dire flail of freezing!
* * * LOW HITPOINT WARNING * * *
You feel drained.
* * * LOW HITPOINT WARNING * * *
The wight freezes you.
* * * LOW HITPOINT WARNING * * *
You hit the wight. You headbutt the wight.
The wight is moderately damaged.
You puncture the wight! Your headbutt misses the wight.
The wight is almost destroyed.
You block the wight's attack.
You puncture the wight!
You destroy the wight!
Okawaru accepts your kill. The steam dragon breathes steam at you.
The ball of steam hits you!!
You die... .......... ...PPPPPP . .z.PPPPPP

..## . ..zPP...
... .## ..zPP...
..# ..#
..yPP..####.#
#..##..
#.yPP..#....#
.......
#.yPP..#._..##
##†......
#......#..yyy###@#
#...........y##§##
.###########!zD##
#.....z##
#........#
..########


You could see a steam dragon (catching breath) and 2 wights.

Vanquished Creatures
  2 wyverns
  Menkaure (D:7)
  An acid dragon (D:6)
  A water moccasin (D:7)
  2 orc warriors
  A sky beast (D:8)
  2 ice beasts
  A black bear (D:5)
  A phantom (D:4)
  A kobold brigand (D:8)
  A water moccasin zombie (D:3)
  A scorpion (D:2)
  A wyvern zombie (D:7)
  A water moccasin skeleton (D:6)
  6 killer bees (D:8)
  A wight (D:8)
  A howler monkey (D:5)
  A centaur zombie (D:6)
  A bullfrog zombie (D:6)
  3 hounds
  A gnoll shaman (D:6)
  4 jellies
  4 iguanas
  6 orc priests
  2 centaur skeletons (D:6)
  Terence (D:3)
  7 orc wizards
  A statue (D:4)
  A killer bee zombie (D:6)
  A howler monkey zombie (D:5)
  6 adders
  8 gnolls
  A howler monkey skeleton (D:7)
  3 white imps (D:7)
  3 ufetubi
  An adder skeleton (D:4)
  2 worms
  4 dart slugs
  25 orcs
  6 ball pythons
  9 endoplasms
  2 giant cockroaches (D:1)
  9 goblins
  5 hobgoblins
  11 jackals
  9 kobolds
  4 quokkas
  6 bats
  3 rats
175 creatures vanquished.

Vanquished Creatures (others)
  An orc wizard (D:6)
  2 fungi (D:5)
  14 plants
  5 toadstools (D:5)
22 creatures vanquished.

Grand Total: 197 creatures vanquished

Notes
Turn   | Place    | Note
-------+----------+-------------------------------------------
     0 | D:1      | vineage the Minotaur Fighter began the quest for the Orb.
     0 | D:1      | Reached XP level 1. HP: 19/19 MP: 0/0
   106 | D:1      | Reached skill level 4 in Fighting
   127 | D:1      | Reached XP level 2. HP: 27/28 MP: 1/1
   316 | D:1      | Found a faded altar of an unknown god.
   348 | D:1      | Found Pumaot's Jewellery Boutique.
   417 | D:1      | Reached skill level 5 in Fighting
   476 | D:1      | Reached XP level 3. HP: 29/36 MP: 2/2
  1010 | D:2      | Identified the +1 scale mail "Vilodiga" {MP+9 Str+4 Stlth+}
  1247 | D:2      | Noticed a scorpion
  1256 | D:2      | Killed a scorpion
  1257 | D:2      | Reached skill level 6 in Fighting
  1257 | D:2      | Reached XP level 4. HP: 26/45 MP: 3/3
  1522 | D:2      | Reached XP level 5. HP: 45/51 MP: 4/4
  1524 | D:2      | Reached skill level 7 in Fighting
  2439 | D:3      | Found a hide-covered altar of Uskayaw.
  2439 | D:3      | Noticed Terence
  2454 | D:3      | Killed Terence
  2455 | D:3      | Reached skill level 8 in Fighting
  2855 | D:4      | Reached XP level 6. HP: 61/61 MP: 5/5
  2896 | D:4      | Found a radiant altar of Vehumet.
  3302 | D:4      | Found Xyeryw Por's Magic Scroll Boutique.
  3302 | D:4      | Found Ytzomez's Jewellery Boutique.
  3303 | D:4      | Found Ciejoaq's Antique Armour Boutique.
  3303 | D:4      | Found Zuis's Antique Weapon Boutique.
  3430 | D:4      | Reached skill level 9 in Fighting
  3775 | D:4      | Noticed an ice beast
  3783 | D:4      | Killed an ice beast
  3784 | D:4      | Reached XP level 7. HP: 55/71 MP: 6/6
  4028 | D:5      | Entered Level 5 of the Dungeon
  4034 | D:5      | Found Ogumn's Assorted Antiques.
  4063 | D:5      | Found Icoyff's Weapon Boutique.
  4079 | D:5      | Reached skill level 10 in Fighting
  4177 | D:5      | Noticed a wyvern
  4186 | D:5      | Killed a wyvern
  4214 | D:5      | Reached skill level 11 in Fighting
  4803 | D:5      | Found Etogiyco's Distillery.
  4803 | D:5      | Found Fureogg's Antique Weapon Shoppe.
  4883 | D:5      | Bought an ancient dagger for 168 gold pieces
  4883 | D:5      | Identified the +7 dagger of Moderation {vorpal, Dex+5} (You
                  | bought it in a shop on level 5 of the Dungeon)
  4891 | D:5      | Bought a potion of heal wounds for 55 gold pieces
  4891 | D:5      | Bought a potion of heal wounds for 55 gold pieces
  4891 | D:5      | Bought a potion of heal wounds for 55 gold pieces
  5247 | D:5      | Reached XP level 8. HP: 58/82 MP: 7/7
  5626 | D:6      | Reached skill level 12 in Fighting
  5938 | D:6      | Found a staircase to the Ecumenical Temple.
  6017 | Temple   | Entered the Ecumenical Temple
  6193 | Temple   | Became a worshipper of Warmaster Okawaru
  6399 | D:6      | Found a burning altar of Makhleb.
  6401 | D:6      | Found a basalt altar of Yredelemnul.
  6446 | D:6      | Reached skill level 13 in Fighting
  7239 | D:7      | Reached * piety under Okawaru
  7241 | D:7      | Reached skill level 14 in Fighting
  7258 | D:7      | Reached XP level 9. HP: 66/95 MP: 8/8
  7305 | D:7      | Found a bloodstained altar of Trog.
  7816 | D:7      | Noticed Menkaure
  7823 | D:7      | Killed Menkaure
  7824 | D:7      | Reached skill level 15 in Fighting
  8250 | D:8      | Reached ** piety under Okawaru
  8440 | D:8      | Found an ornate altar of the Wu Jian Council.
  8460 | D:8      | Reached skill level 1 in Short Blades
  8460 | D:8      | Reached skill level 1 in Invocations
  8487 | D:8      | Killed from afar by a steam dragon

Illustrated notes

Levels and vault maps discovered:
D:1:      denvon_arrival_waterhouse, layout_basic,
          hellmonk_ecumenical_altar_crossroads, serial_shops,
          nicolae_lakefront_shop
D:2:      layout_basic
D:3:      layout_basic, mainiacjoe_overflow_catwalk, uniq_terence
D:4:      layout_loops_ring, vehumet_statue, minmay_shop_grid_forest
D:5:      layout_basic, serial_shops, nicolae_diamond_shop,
          nicolae_stop_n_shop_1, shop, shop_fountains, minmay_gold_behind_fungi,
          minmay_misc_feat_x
D:6:      layout_loops_ring, nicolae_overflow_hidden_temple,
          minmay_temple_entry_gardened_gates, grunt_decor_clamped,
          nicolae_underground_beach
D:7:      layout_basic, bloody_trog, uniq_menkaure
D:8:      layout_layer_cave, zin_purify, mainiacjoe_overflow_chevrons
Temple:   chequers_temple_sunken

Skill      XL: |  1  2  3  4  5  6  7  8  9 |
---------------+----------------------------+-----
Fighting       | 4 5 6 8 9 11 14 15 | 15.0
Short Blades   | 2 |  2.3
Armour         | 4 |  4.7
Shields        | 4 |  4.7
Invocations    | 2 |  2.1
Axes           | |  2.4

Action                   |  1- 3 |  4- 6 |  7- 9 || total
-------------------------+-------+-------+-------++-------
Melee: War axe           |    62 |    89 |    44 ||   195
       Headbutt          |    12 |    10 |    60 ||    82
       Dagger            |       |       |   226 ||   226
Invok: Heroism           |       |       |     1 ||     1
  Use: Scroll            |       |     3 |     8 ||    11
       Potion            |       |     1 |     9 ||    10
Armor: Scale mail        |    26 |    28 |    90 ||   144
Dodge: Dodged            |    43 |    43 |   116 ||   202
Block: Buckler           |    16 |    29 |    65 ||   110
       Kite shield       |       |       |    29 ||    29

Table legend: (Time is in decaauts)
 A = Elapsed time spent in this place.
 B = Non-inter-level travel time spent in this place.
 C = Inter-level travel time spent in this place.
 D = Time resting spent in this place.
 E = Time spent auto-exploring this place.
 F = Levels seen in this place.
 G = Mean time per level.
                   A        B        C        D        E       F      G
               +--------+--------+--------+--------+--------+-----+--------+
         Total |   8621 |   8337 |    284 |    867 |   6379 |   9 |  957.9 |
       Dungeon |   8380 |   8126 |    254 |    867 |   6176 |   8 | 1047.5 |
        Temple |    240 |    210 |     30 |      0 |    203 |   1 |  240.0 |
               +--------+--------+--------+--------+--------+-----+--------+

Top non-repeatable levels by time:
     D:5: 1509 daAuts
     D:6: 1448 daAuts
     D:2: 1447 daAuts
     D:4: 1223 daAuts
     D:7: 1079 daAuts
     D:1: 841 daAuts
     D:3: 580 daAuts
     D:8: 250 daAuts
  Temple: 240 daAuts
